 Dungeon Crawl Stone Soup version 0.30-a0-845-g7c6808c8ce (webtiles) character file.

Game seed: 10026771905695270759

59 qeuew the Covered (level 3, 0/33 HPs)
             Began as a Minotaur Fighter on Mar 2, 2023.
             Was a Priest of Jiyva.
             Slain by a gnoll
             ... wielding a +0 halberd
              (7 damage)
             ... on level 2 of the Dungeon.
             The game lasted 00:01:12 (1116 turns).

qeuew the Covered (Minotaur Fighter)                Turns: 1116, Time: 00:01:13

Health: 0/33       AC:  7    Str: 22    XL:     3   Next: 78%
Magic:  2/2        EV:  9    Int:  5    God:    Jiyva [***...]
Gold:   75         SH:  4    Dex:  9    Spells: 2/2 levels left

rFire   . . .      SeeInvis .    a - +0 war axe
rCold   . . .      Faith    .    c - +0 buckler
rNeg    . . .      Spirit   .    b - +0 scale mail
rPois   .          Reflect  .    (helmet restricted)
rElec   .          Rampage  .    (no cloak)
rCorr   +                        (no gloves)
Will    .....                    (no boots) Stlth
                                 (no amulet)
HPRegen 1.37/turn                e - ring of flight
MPRegen 0.43/turn                (no ring)

@: flying
A: horns 2, retaliatory headbutt
a: Renounce Religion, Oozemancy


You were on level 2 of the Dungeon.
You worshipped Jiyva.
Jiyva was most pleased with you.
You visited 1 branch of the dungeon, and saw 2 of its levels.

You collected 75 gold pieces.

Inventory:

Hand Weapons
 a - a +0 war axe (weapon)
Armour
 b - a +0 scale mail (worn)
 c - a +0 buckler (worn)
Jewellery
 e - a ring of flight (left hand)
Scrolls
 f - a scroll of identify
 h - a scroll of teleportation
Potions
 d - a potion of might


   Skills:
 + Level 4.0 Fighting
 * Level 3.3 Axes
 * Level 4.3 Armour
 + Level 1.3 Dodging
 + Level 4.0 Shields


You had 2 spell levels left.
You didn't know any spells.
Your spell library was empty.

Dungeon Overview and Level Annotations

Branches:
Dungeon (2/15)

Altars:
Jiyva


Innate Abilities, Weirdness & Mutations

You have a pair of horns on your head.
You reflexively headbutt those who attack you in melee.


Message History

A gnoll comes into view. It is wielding a +0 club.
A gnoll comes into view. It is wielding a +0 whip.
The gnoll shouts!
A gnoll comes into view. It is wielding a +0 halberd.
The gnoll moves out of view.
You block the gnoll's attack.
You closely miss the gnoll. x2; The gnoll hits you with a +0 club.
You slash the gnoll!
You kill the gnoll!
You hit the gnoll. The gnoll barely misses you.
The gnoll hits you but does no damage. The gnoll barely misses you.
The gnoll hits you with a +0 whip.
You slash the gnoll!
You kill the gnoll!
You hit the gnoll. The gnoll hits you with a +0 whip.
The gnoll hits you from afar with a +0 halberd!
You slash the gnoll!
You kill the gnoll!
The gnoll hits you from afar with a +0 halberd!
Your Fighting skill increases to level 4!
Your Shields skill increases to level 4!
You are too injured to fight recklessly!
You are too injured to fight recklessly!
You are too injured to fight recklessly!
You are too injured to fight recklessly!
You are too injured to fight recklessly!
You are too injured to fight recklessly!
You are too injured to fight recklessly!
You are too injured to fight recklessly!
You are too injured to fight recklessly!
You are too injured to fight recklessly!
You are too injured to fight recklessly!
You are too injured to fight recklessly!
Found a stone staircase leading down.
The gnoll closely misses you.
You barely miss the gnoll.
A rat comes into view.
The gnoll hits you with a +0 halberd! The gnoll hits you with a +0 halberd.
* * * LOW HITPOINT WARNING * * *
You closely miss the gnoll. The gnoll hits you with a +0 halberd!
You die...

....# #.... #+#.#
#....##... #.... #
+....#...# # #.... # #
#....+...#.# #.... #.#
#....#...#.# #.... ..#
.#.......... ##.... ..+
..r.......#######+#.....
.(#
>......g................
..# #)@.>.............. ..#
## #### #)............#...#
..#... #...
#.............#...# ..#..
##...###.............#)..#
.....
+<........................
..#
.#......###....##..........
..+
...............+...........
.##
#.......##....#...........
.#
#.......##....#.###.####.#


You could see a gnoll and a rat.

Vanquished Creatures
  3 gnolls (D:2)
  An adder (D:2)
  A dart slug (D:2)
  2 giant cockroaches (D:2)
  4 goblins
  2 hobgoblins
  A quokka (D:1)
  3 ball pythons
  2 frilled lizards (D:1)
  2 kobolds
21 creatures vanquished.

Vanquished Creatures (others)
  An endoplasm (D:2)
  2 bats (D:1)
  A jackal (D:2)
  2 kobolds (D:1)
  A ball python (D:1)
  2 rats (D:1)
  9 plants (D:1)
18 creatures vanquished.

Grand Total: 39 creatures vanquished

Notes
Turn   | Place    | Note
-------+----------+-------------------------------------------
     0 | D:1      | qeuew the Minotaur Fighter began the quest for the Orb.
     0 | D:1      | Reached XP level 1. HP: 19/19 MP: 0/0
    49 | D:1      | Found a faded altar of an unknown god.
   113 | D:1      | Prayed at the altar of an unknown god.
   113 | D:1      | Became a worshipper of Jiyva Jaichaja the Shapeless
   113 | D:1      | Reached * piety under Jiyva
   603 | D:1      | Reached XP level 2. HP: 27/27 MP: 1/1
   805 | D:2      | Reached ** piety under Jiyva
   913 | D:2      | Reached skill level 1 in Dodging
   987 | D:2      | Reached *** piety under Jiyva
  1026 | D:2      | Reached XP level 3. HP: 33/33 MP: 2/2
  1116 | D:2      | Slain by a gnoll

Illustrated notes

Levels and vault maps discovered:
D:1:      eino_arrival_water_cross, layout_basic,
          hellmonk_ecumenical_altar_crossroads
D:2:      layout_basic

Skill      XL: |  1  2  3 |
---------------+----------+-----
Armour         | 4 |  4.3
Axes           | 3 |  3.3
Dodging        | 1 |  1.3
Fighting       | 4 |  4.0
Shields        | 4 |  4.0

Action                     || total
---------------------------++-------
  Melee: War axe           ||    42
         Headbutt          ||     7
    Use: Scroll            ||     3
 Armour: Scale mail        ||    24
  Dodge: Dodged            ||    16
  Block: Buckler           ||     7

Table legend: (Time is in decaauts)
 A = Elapsed time spent in this place.
 B = Non-inter-level travel time spent in this place.
 C = Inter-level travel time spent in this place.
 D = Time resting spent in this place.
 E = Time spent auto-exploring this place.
 F = Levels seen in this place.
 G = Mean time per level.
                   A        B        C        D        E       F      G
               +--------+--------+--------+--------+--------+-----+--------+
         Total |   1131 |   1053 |     78 |    100 |    809 |   2 |  565.5 |
       Dungeon |   1131 |   1053 |     78 |    100 |    809 |   2 |  565.5 |
               +--------+--------+--------+--------+--------+-----+--------+

Top non-repeatable levels by time:
     D:1: 790 daAuts
     D:2: 341 daAuts
